| TOP OF THE 1ST |
|
West Virginia Power batting - Pitching for Hartford Yard Goats : RHP Don Boudreau
|
|
Pitching: RHP Don Boudreau
|
|
|
Batting: LHB Joe Hoover
|
0-0: Foul Ball, location: 2F 0-1: Bunted foul 0-2: Ball 1-2: Ball 2-2: Foul Ball, location: 2F 2-2: Foul Ball, location: 2F 2-2: Ball 3-2: Foul Ball, location: 2F 3-2: Foul Ball, location: 2F 3-2: SINGLE (Groundball, 56D, EV 98.8 MPH)
|
|
Batting: RHB Jordan Robinson
|
0-0: Called Strike 0-1: Ball 1-1: Ball 2-1: Foul Ball, location: 2F 2-2: Hit by Pitch Joe Hoover to second
|
|
Batting: RHB Mike Velazquez
|
0-0: Ball 1-0: Called Strike 1-1: Ball 2-1: Fly out, F8 (Flyball, 89M, EV 90.0 MPH)
|
|
Batting: RHB Zach Chmieleski
|
0-0: Called Strike 0-1: Called Strike Joe Hoover steals 3rd base Jordan Robinson to second 0-2: Ball 1-2: Foul Ball, location: 2F 1-2: DOUBLE (Flyball, 89XD, EV 105.6 MPH) Joe Hoover scores Jordan Robinson scores
|
|
Batting: RHB Freddy Quintero
|
0-0: Ball 1-0: Swinging Strike 1-1: Fly out, F8 (Flyball, 8RXD, EV 97.5 MPH) Runner from 2nd tags up, SAFE at 3rd, no throw by CF
|
|
Batting: SHB Mike Corley
|
0-0: Called Strike 0-1: Ball 1-1: Ball 2-1: Called Strike 2-2: Fly out, F2 (Popup, 25F, EV 78.8 MPH)
|
| Top of the 1st over - 2 runs, 2 hits, 0 errors, 1 left on base; West Virginia 2 - Hartford 0 |
| BOTTOM OF THE 1ST |
|
Hartford Yard Goats batting - Pitching for West Virginia Power : RHP Francisco Castillo
|
|
Pitching: RHP Francisco Castillo
|
|
|
Batting: RHB Willis Morales
|
0-0: Called Strike 0-1: Called Strike 0-2: Ball 1-2: Ball 2-2: Ball 3-2: Base on Balls
|
|
Batting: LHB Eric Ludwig
|
0-0: Called Strike 0-1: Swinging Strike 0-2: Strikes out looking
|
|
Batting: RHB Bobby Gulsby
|
0-0: Called Strike Willis Morales is caught stealing 2nd base 2-4 0-1: Ball 1-1: SINGLE (Groundball, 6MD, EV 103.8 MPH)
|
|
Batting: LHB Chris Raymond
|
0-0: Ball 1-0: Swinging Strike 1-1: Called Strike 1-2: Ball Wild Pitch! Bobby Gulsby to second 2-2: Strikes out swinging
|
| Bottom of the 1st over - 0 runs, 1 hit, 0 errors, 1 left on base; West Virginia 2 - Hartford 0 |
| TOP OF THE 2ND |
|
West Virginia Power batting - Pitching for Hartford Yard Goats : RHP Don Boudreau
|
|
Batting: RHB Richard Barrios
|
0-0: DOUBLE (Flyball, 8RXD, EV 98.1 MPH)
|
|
Batting: LHB Brandon Sarni
|
0-0: Called Strike 0-1: Ball 1-1: Foul Ball, location: 2F 1-2: Ball 2-2: Foul Ball, location: 2F 2-2: Ground out 6-3 (Groundball, 6MS, EV 82.5 MPH) Richard Barrios to third
|
|
Batting: RHB Ted Goldblatt
|
0-0: Foul Ball, location: 2F 0-1: Swinging Strike 0-2: Strikes out swinging
|
|
Batting: LHB Joe Hoover
|
0-0: Ball 1-0: Foul Ball, location: 2F 1-1: Swinging Strike 1-2: Foul Ball, location: 2F 1-2: Fly out, F7 (Flyball, 7LSF, EV 88.1 MPH)
|
| Top of the 2nd over - 0 runs, 1 hit, 0 errors, 1 left on base; West Virginia 2 - Hartford 0 |
| BOTTOM OF THE 2ND |
|
Hartford Yard Goats batting - Pitching for West Virginia Power : RHP Francisco Castillo
|
|
Batting: RHB Matt Fabre
|
0-0: Ball 1-0: Swinging Strike 1-1: Called Strike 1-2: Foul Ball, location: 2F 1-2: Ball 2-2: Foul Ball, location: 2F 2-2: Foul Ball, location: 2F 2-2: Foul Ball, location: 2F 2-2: Ground out 6-3 (Groundball, 6, EV 91.2 MPH)
|
|
Batting: LHB Joe Miller
|
0-0: Ball 1-0: Ball 2-0: Called Strike 2-1: Foul Ball, location: 2F 2-2: Strikes out looking
|
|
Batting: RHB Elias Urbina
|
0-0: Swinging Strike 0-1: Fly out, F9 (Flyball, 9LS, EV 86.2 MPH)
|
| Bottom of the 2nd over - 0 runs, 0 hits, 0 errors, 0 left on base; West Virginia 2 - Hartford 0 |
| TOP OF THE 3RD |
|
West Virginia Power batting - Pitching for Hartford Yard Goats : RHP Don Boudreau
|
|
Batting: RHB Jordan Robinson
|
0-0: Swinging Strike 0-1: Foul Ball, location: 2F 0-2: Ball 1-2: Ball 2-2: Ball 3-2: Foul Ball, location: 2F 3-2: Foul Ball, location: 2F 3-2: Strikes out looking
|
|
Batting: RHB Mike Velazquez
|
0-0: Called Strike 0-1: Ground out 5-3 (Groundball, 5, EV 90.0 MPH)
|
|
Batting: RHB Zach Chmieleski
|
0-0: Called Strike 0-1: Swinging Strike 0-2: Foul Ball, location: 2F 0-2: Foul Ball, location: 2F 0-2: Foul Ball, location: 2F 0-2: Ball 1-2: Strikes out swinging
|
| Top of the 3rd over - 0 runs, 0 hits, 0 errors, 0 left on base; West Virginia 2 - Hartford 0 |
| BOTTOM OF THE 3RD |
|
Hartford Yard Goats batting - Pitching for West Virginia Power : RHP Francisco Castillo
|
|
Batting: RHB Brent Moody
|
0-0: Ball 1-0: Called Strike 1-1: Ball 2-1: Fly out, F9 (Line Drive, 9S, EV 108.8 MPH)
|
|
Batting: RHB Yamashita Yagi
|
0-0: Ball 1-0: Ball 2-0: Called Strike 2-1: Ball 3-1: Foul Ball, location: 2F 3-2: Fly out, F8 (Flyball, 8RM, EV 89.4 MPH)
|
|
Batting: RHB Willis Morales
|
0-0: Foul Ball, location: 2F 0-1: Swinging Strike 0-2: Strikes out swinging
|
| Bottom of the 3rd over - 0 runs, 0 hits, 0 errors, 0 left on base; West Virginia 2 - Hartford 0 |
| TOP OF THE 4TH |
|
West Virginia Power batting - Pitching for Hartford Yard Goats : RHP Don Boudreau
|
|
Batting: RHB Freddy Quintero
|
0-0: Ball 1-0: Foul Ball, location: 2F 1-1: Ball 2-1: Ball 3-1: Fly out, F9 (Flyball, 9LM, EV 96.9 MPH)
|
|
Batting: SHB Mike Corley
|
0-0: Called Strike 0-1: Ground out 5-3 (Groundball, 6, EV 84.4 MPH)
|
|
Batting: RHB Richard Barrios
|
0-0: Foul Ball, location: 2F 0-1: Ball 1-1: Ball 2-1: Foul Ball, location: 2F 2-2: Ball 3-2: SOLO HOME RUN (Flyball, 7LD, EV 96.9 MPH), Distance : 350 ft
|
|
Batting: LHB Brandon Sarni
|
0-0: Called Strike 0-1: Swinging Strike 0-2: Ball 1-2: Foul Ball, location: 2F 1-2: Ball 2-2: DOUBLE (Flyball, 89XD, EV 103.1 MPH)
|
|
Pitching: RHP Jeremy Richards
|
|
|
Batting: RHB Ted Goldblatt
|
0-0: 2-RUN HOME RUN (Flyball, 78XD, EV 110.0 MPH), Distance : 397 ft
|
|
Batting: LHB Joe Hoover
|
0-0: Called Strike 0-1: Foul Ball, location: 2F 0-2: Ground out U3 (Groundball, 3S, EV 61.2 MPH)
|
| Top of the 4th over - 3 runs, 3 hits, 0 errors, 0 left on base; West Virginia 5 - Hartford 0 |
| BOTTOM OF THE 4TH |
|
Hartford Yard Goats batting - Pitching for West Virginia Power : RHP Francisco Castillo
|
|
Batting: LHB Eric Ludwig
|
0-0: Called Strike 0-1: Swinging Strike 0-2: Foul Ball, location: 2F 0-2: Ball 1-2: Strikes out swinging
|
|
Batting: RHB Bobby Gulsby
|
0-0: Called Strike 0-1: Ball 1-1: Swinging Strike 1-2: Strikes out swinging
|
|
Batting: LHB Chris Raymond
|
0-0: SINGLE (Line Drive, 7LS, EV 89.4 MPH)
|
|
Batting: RHB Matt Fabre
|
0-0: Foul Ball, location: 2F 0-1: Ball 1-1: Swinging Strike 1-2: Ball 2-2: Fly out, F4 (Popup, 4S, EV 57.5 MPH)
|
| Bottom of the 4th over - 0 runs, 1 hit, 0 errors, 1 left on base; West Virginia 5 - Hartford 0 |
| TOP OF THE 5TH |
|
West Virginia Power batting - Pitching for Hartford Yard Goats : RHP Jeremy Richards
|
|
Batting: RHB Jordan Robinson
|
0-0: Called Strike 0-1: Ball 1-1: Foul Ball, location: 2F 1-2: Ground out 6-3 (Groundball, 6, EV 96.9 MPH)
|
|
DELAY
|
Rain delay of 37 minutes in the 5th inning.
|
|
Batting: RHB Mike Velazquez
|
0-0: Foul Ball, location: 2F 0-1: Swinging Strike 0-2: Ball 1-2: Strikes out swinging
|
|
Batting: RHB Zach Chmieleski
|
0-0: Swinging Strike 0-1: Swinging Strike 0-2: Ball 1-2: Strikes out swinging
|
| Top of the 5th over - 0 runs, 0 hits, 0 errors, 0 left on base; West Virginia 5 - Hartford 0 |
| BOTTOM OF THE 5TH |
|
Hartford Yard Goats batting - Pitching for West Virginia Power : RHP Francisco Castillo
|
|
Batting: LHB Joe Miller
|
0-0: Ball 1-0: Ball 2-0: Foul Ball, location: 2F 2-1: SINGLE (Groundball, 13S, EV 62.5 MPH) (infield hit)
|
|
Batting: RHB Elias Urbina
|
0-0: Called Strike 0-1: Called Strike 0-2: Fielders Choice at 2nd, 4-6 (Groundball, 4, EV 78.8 MPH)
|
|
Batting: RHB Brent Moody
|
0-0: Called Strike Elias Urbina steals 2nd base 0-1: Fly out, F9 (Flyball, 89S, EV 94.4 MPH)
|
|
Batting: RHB Yamashita Yagi
|
0-0: Ball 1-0: Fly out, F8 (Flyball, 8RD, EV 91.9 MPH)
|
| Bottom of the 5th over - 0 runs, 1 hit, 0 errors, 1 left on base; West Virginia 5 - Hartford 0 |
| TOP OF THE 6TH |
|
West Virginia Power batting - Pitching for Hartford Yard Goats : RHP Jeremy Richards
|
|
Batting: RHB Freddy Quintero
|
0-0: Ground out 1-3 (Groundball, 13S, EV 64.4 MPH)
|
|
Batting: SHB Mike Corley
|
0-0: Called Strike 0-1: Ground out U3 (Groundball, 34, EV 112.5 MPH)
|
|
Batting: RHB Richard Barrios
|
0-0: Ball 1-0: Called Strike 1-1: Fly out, F8 (Flyball, 8LXD, EV 85.0 MPH)
|
| Top of the 6th over - 0 runs, 0 hits, 0 errors, 0 left on base; West Virginia 5 - Hartford 0 |
| BOTTOM OF THE 6TH |
|
Hartford Yard Goats batting - Pitching for West Virginia Power : RHP Francisco Castillo
|
|
Batting: RHB Willis Morales
|
0-0: Ball 1-0: Ball 2-0: Called Strike 2-1: SINGLE (Flyball, 8RS, EV 87.5 MPH)
|
|
Pitching: RHP George Clarke
|
|
|
Batting: LHB Eric Ludwig
|
0-0: Fly out, F5 (Popup, 56S, EV 81.9 MPH)
|
|
Batting: RHB Bobby Gulsby
|
0-0: Ball 1-0: Ball 2-0: Ball 3-0: Called Strike 3-1: SINGLE (Groundball, 6MS, EV 71.9 MPH) (infield hit) Willis Morales to second
|
|
Batting: LHB Chris Raymond
|
0-0: Fielders Choice at 2nd, 4-6 (Groundball, 4M, EV 81.2 MPH) Willis Morales to third
|
|
Batting: RHB Matt Fabre
|
0-0: Called Strike 0-1: Ball 1-1: Ball 2-1: Foul Ball, location: 2F 2-2: Fly out, F8 (Flyball, 8LD, EV 103.1 MPH)
|
| Bottom of the 6th over - 0 runs, 2 hits, 0 errors, 2 left on base; West Virginia 5 - Hartford 0 |
| TOP OF THE 7TH |
|
West Virginia Power batting - Pitching for Hartford Yard Goats : RHP Jeremy Richards
|
|
Batting: LHB Brandon Sarni
|
0-0: Swinging Strike 0-1: Called Strike 0-2: Ball 1-2: Ball 2-2: Foul Ball, location: 2F 2-2: Foul Ball, location: 2F 2-2: Ball 3-2: Base on Balls
|
|
Batting: RHB Ted Goldblatt
|
0-0: Ball 1-0: Ball 2-0: Ball 3-0: Base on Balls Brandon Sarni to second
|
|
Pitching: RHP Alberto Cordovi
|
|
|
Batting: LHB Joe Hoover
|
0-0: Sac Bunt to 25 - play at first, batter OUT! 1-3 Brandon Sarni to third Ted Goldblatt to second
|
|
Batting: RHB Jordan Robinson
|
0-0: Called Strike 0-1: Foul Ball, location: 2F 0-2: Ball 1-2: Strikes out swinging
|
|
Batting: RHB Mike Velazquez
|
0-0: Ball 1-0: Ball 2-0: SINGLE (Groundball, 56D, EV 94.4 MPH) Brandon Sarni scores Ted Goldblatt to third Runner from 3rd tries for Home, SAFE, throw by LF to home
|
|
Pinch Hitting: RHB Steve Dennis
|
0-0: Ball 1-0: Ball 2-0: Foul Ball, location: 2F 2-1: Foul Ball, location: 2F 2-2: Strikes out swinging
|
| Top of the 7th over - 2 runs, 1 hit, 0 errors, 1 left on base; West Virginia 7 - Hartford 0 |
| BOTTOM OF THE 7TH |
|
Hartford Yard Goats batting - Pitching for West Virginia Power : RHP George Clarke
|
|
Now at 1B: John Beiswenger
|
|
|
Batting: LHB Joe Miller
|
0-0: Ball 1-0: Ball 2-0: Ground out 6-3 (Groundball, 6M, EV 80.6 MPH)
|
|
Batting: RHB Elias Urbina
|
0-0: Ball 1-0: Ball 2-0: SOLO HOME RUN (Flyball, 7D, EV 93.1 MPH), Distance : 379 ft
|
|
Batting: RHB Brent Moody
|
0-0: Ball 1-0: Foul Ball, location: 2F 1-1: Foul Ball, location: 2F 1-2: Ball 2-2: Fly out, F8 (Line Drive, 8RM, EV 85.0 MPH)
|
|
Batting: RHB Yamashita Yagi
|
0-0: Ball 1-0: Called Strike 1-1: Ball 2-1: Called Strike 2-2: Strikes out swinging
|
| Bottom of the 7th over - 1 run, 1 hit, 0 errors, 0 left on base; West Virginia 7 - Hartford 1 |
| TOP OF THE 8TH |
|
West Virginia Power batting - Pitching for Hartford Yard Goats : RHP Alberto Cordovi
|
|
Batting: RHB Freddy Quintero
|
0-0: Called Strike 0-1: Foul Ball, location: 2F 0-2: Ball 1-2: Ball 2-2: Strikes out swinging
|
|
Batting: SHB Mike Corley
|
0-0: Ball 1-0: Called Strike 1-1: Foul Ball, location: 2F 1-2: Strikes out swinging
|
|
Batting: RHB Richard Barrios
|
0-0: Swinging Strike 0-1: Swinging Strike 0-2: Ball 1-2: Ground out 5-3 (Groundball, 56, EV 106.2 MPH)
|
| Top of the 8th over - 0 runs, 0 hits, 0 errors, 0 left on base; West Virginia 7 - Hartford 1 |
| BOTTOM OF THE 8TH |
|
Hartford Yard Goats batting - Pitching for West Virginia Power : RHP George Clarke
|
|
Batting: RHB Willis Morales
|
0-0: Fly out, F6 (Line Drive, 6, EV 70.6 MPH)
|
|
Batting: LHB Eric Ludwig
|
0-0: Called Strike 0-1: Ball 1-1: Fly out, F8 (Flyball, 8LM, EV 98.1 MPH)
|
|
Batting: RHB Bobby Gulsby
|
0-0: Ball 1-0: Called Strike 1-1: Swinging Strike 1-2: Ball 2-2: Strikes out swinging
|
| Bottom of the 8th over - 0 runs, 0 hits, 0 errors, 0 left on base; West Virginia 7 - Hartford 1 |
| TOP OF THE 9TH |
|
West Virginia Power batting - Pitching for Hartford Yard Goats : RHP Alberto Cordovi
|
|
Batting: LHB Brandon Sarni
|
0-0: Called Strike 0-1: Ball 1-1: Called Strike 1-2: Ball 2-2: Ball 3-2: Base on Balls
|
|
Batting: RHB Ted Goldblatt
|
0-0: Fly out, F9 (Line Drive, 9, EV 95.0 MPH)
|
|
Batting: LHB Joe Hoover
|
0-0: Foul Ball, location: 2F 0-1: Swinging Strike 0-2: Strikes out looking
|
|
Batting: RHB Jordan Robinson
|
0-0: Ball 1-0: SINGLE (Line Drive, 78S, EV 106.2 MPH) Brandon Sarni to second Runner from 2nd tries for 3rd, SAFE, throw by LF made to third
|
|
Batting: RHB Mike Velazquez
|
0-0: Foul Ball, location: 2F 0-1: Called Strike 0-2: Ball 1-2: Strikes out swinging
|
| Top of the 9th over - 0 runs, 1 hit, 0 errors, 2 left on base; West Virginia 7 - Hartford 1 |
| BOTTOM OF THE 9TH |
|
Hartford Yard Goats batting - Pitching for West Virginia Power : RHP George Clarke
|
|
Batting: LHB Chris Raymond
|
0-0: Ball 1-0: Ball 2-0: SINGLE (Line Drive, 7LS, EV 100.0 MPH)
|
|
Batting: RHB Matt Fabre
|
0-0: Called Strike 0-1: Ball 1-1: Fielders Choice at 2nd, 5-4 (Groundball, 56S, EV 81.2 MPH)
|
|
Batting: LHB Joe Miller
|
0-0: 2-RUN HOME RUN (Flyball, 89XD, EV 98.1 MPH), Distance : 392 ft
|
|
Pitching: RHP Franklin Amaro
|
|
|
Batting: RHB Elias Urbina
|
0-0: Ball 1-0: Foul Ball, location: 2F 1-1: Called Strike 1-2: Ball 2-2: Fly out, F8 (Line Drive, 8LM, EV 95.0 MPH)
|
|
Batting: RHB Brent Moody
|
0-0: Ball 1-0: Foul Ball, location: 2F 1-1: DOUBLE (Flyball, 8RXD, EV 106.2 MPH)
|
|
Batting: RHB Yamashita Yagi
|
0-0: Called Strike 0-1: Ball 1-1: Foul Ball, location: 2F 1-2: Ball 2-2: Ball 3-2: Ground out 4-3 (Groundball, 4, EV 81.2 MPH)
|
| Bottom of the 9th over - 2 runs, 3 hits, 0 errors, 1 left on base; West Virginia 7 - Hartford 3 |
|